 Dungeon Crawl Stone Soup version 0.31-a0-246-g8cbcc1cb85 (webtiles) character file.

Game seed: 5247862485555641430

144 dolemite99 the Ruffian (level 5, -2/16 HPs)
             Began as a Djinni Shapeshifter on July 12, 2023.
             Was a Follower of Dithmenos.
             Slain by an ogre
             ... wielding a +0 giant club
              (18 damage)
             ... on level 4 of the Dungeon.
             The game lasted 00:02:03 (3553 turns).

dolemite99 the Ruffian (Djinni Shapeshifter)        Turns: 3553, Time: 00:02:04

Health: -2/16      AC:  8    Str: 21    XL:     5   Next: 52%
Gold:   90         EV: 10    Int: 10    God:    Dithmenos [*.....] SH:  0 Dex: 13

rFire   . .          .
                       - Unarmed
rCold   . . .        (shield currently unavailable)
rNeg    . . .        a - melded +0 animal skin
rPois   ∞            (helmet currently unavailable)
rElec   .            (cloak currently unavailable)
rCorr   .            (gloves currently unavailable)
SInv    .            (boots unavailable)
Will    .....        (no amulet)
Stlth   +            (no ring)
HPRegen 0.22/turn    (no ring)
MPRegen 0.00/turn

%: infuse magic (-3 HP)
@: snake-form, flying, wreathed by umbra
A: constrict, flying, reduced hp, sickness immunity, large, (fire resistance 2),
(cold vulnerability 1), float, innate caster, HP casting, extra vitality 1
a: Renounce Religion


You were on level 4 of the Dungeon.
You worshipped Dithmenos.
Dithmenos was aware of your devotion.
You were an enormous anaconda.
You visited 1 branch of the dungeon, and saw 4 of its levels.

You collected 90 gold pieces.

Inventory:

Armour
 a - a +0 animal skin (melded)
Talismans
 c - a beast talisman
 j - a serpent talisman
Scrolls
 g - 4 scrolls of revelation {unknown}
 h - 2 scrolls of fear {unknown}
 i - a scroll of identify {unknown}
 k - a scroll of poison {unknown}
 l - a scroll of vulnerability {unknown}
 o - a scroll of blinking {unknown}
Potions
 b - 2 potions of lignification
 d - a potion of haste {unknown}
 e - a potion of berserk rage {unknown}
 f - a potion of invisibility {unknown}
 m - 2 potions of magic {unknown}
 n - a potion of curing {unknown}
 p - a potion of mutation {unknown}


   Skills:
 - Level 2.0 Fighting
 - Level 2.1 Dodging
 + Level 5.3 Unarmed Combat
 - Level 2.6 Shapeshifting


You knew the following spells:

 Your Spells              Type           Power      Damage    Failure   Level
a - Summon Small Mammal   Summ           0%         N/A       91%         1
b - Searing Ray           Conj           0%         2d4       96%         2
Your spell library was empty.

Dungeon Overview and Level Annotations

Branches:
Dungeon (4/15)
 Temple: D:4-7

Altars:
Dithmenos
Elyvilon
Gozag
Xom

Shops:
D:3 :


Innate Abilities, Weirdness & Mutations

You are an enormous anaconda.
You have a powerful constriction melee attack.
You are flying.
Your maximum health is decreased, since you lack skill for your form.
Your spellcasting is less reliable in this form.
Your armour is entirely melded.
You are incapable of wielding weapons or throwing items.
You are immune to sickness and miasma.
You are immune to poison.
((Your flesh is very heat resistant. (rF++)))
((You are vulnerable to cold. (rC-)))
You float through the air rather than walking.
You learn spells naturally, not from books.
Your magical power is your life essence.
You have superior vitality. (+4 MHP)


Message History

Done exploring.
No target in view!
Done exploring.
No target in view!
Done exploring.
(D) Dungeon
Where to? (Enter - D:3 @ (x,y), ? - help)
What level of the Dungeon? (default 1, ? - help)
There is an open door here.
There is a stone staircase leading down here.
You fly downwards.
Found a metallic clear potion.
There is a stone staircase leading up here.
p - a metallic clear potion No target in view!
No target in view!
No target in view!
There is a stone staircase leading up here.
Found a stone staircase leading up.
No target in view!
There is a stone staircase leading up here.
A goblin comes into view. It is wielding a +0 club.
A goblin is nearby!
Found 8 gold pieces.
The goblin shouts!
You hear a shout! x2
Found a notched coral ring.
An ogre comes into view. It is wielding a +0 giant club.
The ogre shouts!
You lash the goblin!
You kill the goblin!
Dithmenos accepts your kill.
A hobgoblin comes into view.
Things that are here:
a +0 club; a goblin corpse A gnoll comes into view.
It is wielding a +0 club.
The gnoll shouts!
You hear a shout!
A gnoll comes into view. It is wielding a +4 halberd.
The ogre hits you with a +0 giant club!!
Ouch! That really hurt!
You die...

##...###....
##.<### ..#
#..## #.##
#..##
#..#####..
###.##
#.........
##.## ##...#
##<####...##
##......)##
#######S.#
#O.g..gg.
##..$....
.......
..##### .##
.# .#


You could see an ogre, 2 gnolls and a hobgoblin.

Vanquished Creatures
  A hound (D:3)
  A sleepcap (D:2)
  4 adders
  A worm (D:2)
  A dart slug (D:1)
  An orc (D:3)
  4 endoplasms
  2 giant cockroaches (D:1)
  3 goblins
  5 hobgoblins
  3 jackals (D:3)
  A quokka (D:2)
  4 ball pythons
  7 bats
  2 frilled lizards
  3 kobolds
  5 rats (D:1)
48 creatures vanquished.

Notes
Turn   | Place    | Note
-------+----------+-------------------------------------------
     0 | D:1      | dolemite99 the Djinni Shapeshifter began the quest for the
                  | Orb.
     0 | D:1      | Reached XP level 1. HP: 18/18 MP: 0/0
   190 | D:1      | Reached XP level 2. HP: 23/23 MP: 0/0
   302 | D:1      | Reached skill level 3 in Unarmed Combat
   614 | D:1      | Reached XP level 3. HP: 26/28 MP: 0/0
   614 | D:1      | Learned a level 1 spell: Summon Small Mammal
   920 | D:2      | HP: 1/28 [sleepcap (2)]
   926 | D:2      | Reached skill level 4 in Unarmed Combat
   926 | D:2      | Reached XP level 4. HP: 3/33 MP: 0/0
  2282 | D:3      | Found a faded altar of an unknown god.
  2432 | D:3      | Prayed at the altar of an unknown god.
  2432 | D:3      | Became a worshipper of Dithmenos the Shadowed
  2432 | D:3      | Reached * piety under Dithmenos
  2491 | D:3      | Found Dytua's Vocational Training.
  2677 | D:3      | Reached skill level 5 in Unarmed Combat
  2677 | D:3      | Reached XP level 5. HP: 9/38 MP: 0/0
  2677 | D:3      | Learned a level 2 spell: Searing Ray
  3077 | D:3      | Found an opulent altar of Gozag.
  3077 | D:3      | Found a faded altar of an unknown god.
  3085 | D:3      | Found a shadowy altar of Dithmenos.
  3087 | D:3      | Found a shimmering altar of Xom.
  3088 | D:3      | Found a white marble altar of Elyvilon.
  3550 | D:4      | Noticed an ogre
  3553 | D:4      | Slain by an ogre

Illustrated notes

Levels and vault maps discovered:
D:1:      elethiomel_arrival_infinity_welcomes_careful_drivers,
          layout_loops_ring, serial_bayou_lake_a
D:2:      layout_basic, grunt_ministairs_8, glass_columns_a, solitary_fountain
D:3:      layout_basic, chequers_temple_overflow_minitemple,
          shapermc_ecumenical_altar_hornbeckon, minmay_misc_feat_doors,
          hex_large, nicolae_shop_vocational
D:4:      layout_layer_cave, minmay_misc_feat_square

Skill      XL: |  1  2  3  4 |
---------------+-------------+-----
Unarmed Combat | 3 4 5 |  5.3
Fighting       | |  2.0
Dodging        | |  2.1
Shapeshifting  | |  2.6

Action                     |  1- 3 |  4- 6 || total
---------------------------+-------+-------++-------
  Melee: Unarmed           |    53 |    40 ||    93
         Punch             |     2 |       ||     2
         Constrict         |       |    10 ||    10
    Use: Potion            |     1 |       ||     1
   Stab: Sleeping          |     3 |       ||     3
 Armour: Animal skin       |     7 |       ||     7
         Skin              |     3 |    19 ||    22
  Dodge: Dodged            |    30 |    12 ||    42
   Form: Anaconda          |       |     1 ||     1

Table legend: (Time is in decaauts)
 A = Elapsed time spent in this place.
 B = Non-inter-level travel time spent in this place.
 C = Inter-level travel time spent in this place.
 D = Time resting spent in this place.
 E = Time spent auto-exploring this place.
 F = Levels seen in this place.
 G = Mean time per level.
                   A        B        C        D        E       F      G
               +--------+--------+--------+--------+--------+-----+--------+
         Total |   3546 |   3378 |    168 |    853 |   2169 |   4 |  886.5 |
       Dungeon |   3546 |   3378 |    168 |    853 |   2169 |   4 |  886.5 |
               +--------+--------+--------+--------+--------+-----+--------+

Top non-repeatable levels by time:
     D:3: 1416 daAuts
     D:2: 1291 daAuts
     D:1: 816 daAuts
     D:4: 21 daAuts
